 Dungeon Crawl Stone Soup version 0.30-a0-743-gbfdf073 (webtiles) character file.

Game seed: 4989043989251212693

290 Amidamage the Magician (level 6, -1/40 HPs)
             Began as a Djinni Hedge Wizard on Feb 4, 2023.
             Was a Follower of Qazlal.
             Slain by a necrophage (7 damage)
             ... on level 4 of the Dungeon.
             The game lasted 00:25:04 (3433 turns).

Amidamage the Magician (Djinni Hedge Wizard)        Turns: 3433, Time: 00:25:04

Health: -1/40      AC:  2    Str:  9    XL:     6   Next: 58%
Gold:   87         EV: 12    Int: 18    God:    Qazlal [*.....] SH:  1 Dex: 12

rFire   + + .      SeeInvis .    r - staff of earth
rCold   x . .      Faith    .    (no shield)
rNeg    . . .      Spirit   .    b - +0 robe
rPois   ∞          Reflect  .    c - +0 hat
rElec   .          Harm     .    (no cloak)
rCorr   .          Rampage  .    (no gloves)
Will    .....                    (boots unavailable)
Stlth   ++                       (no amulet)
HPRegen 0.26/turn                k - ring of wizardry
MPRegen 0.00/turn                (no ring)

@: flying
A: sickness immunity, fire resistance 2, cold vulnerability 1, float, innate
caster, HP casting, extra vitality 1
a: Renounce Religion


You were on level 4 of the Dungeon.
You worshipped Qazlal.
Qazlal was aware of your devotion.
You visited 1 branch of the dungeon, and saw 4 of its levels.
You also visited: Ossuary.

You collected 87 gold pieces.

Inventory:

Missiles
 j - a throwing net
Armour
 b - a +0 robe (worn)
 c - a +0 hat (worn)
Magical Staves
 r - a staff of earth (weapon)
Jewellery
 k - a ring of wizardry (left hand)
Wands
 g - a wand of digging (1)
 n - a wand of polymorph (9)
 v - a wand of light (11)
Scrolls
 a - 3 scrolls of butterflies {unknown}
 e - 2 scrolls of immolation {unknown}
 f - 4 scrolls of blinking {unknown}
 i - a scroll of torment {unknown}
 o - a scroll of amnesia {unknown}
 p - a scroll of enchant weapon {unknown}
 s - a scroll of fog {unknown}
 t - a scroll of identify {unknown}
Potions
 d - a potion of magic
 h - 2 potions of berserk rage {unknown}
 l - 2 potions of lignification {unknown}
 m - a potion of might {unknown}
 q - a potion of curing {unknown}
 u - 2 potions of degeneration {unknown}


   Skills:
 + Level 0.3 Fighting
 + Level 2.9 Dodging
 + Level 2.3 Stealth
 + Level 4.8 Spellcasting


You had 2 spell levels left.
You knew the following spells:

 Your Spells              Type           Power      Damage    Failure   Level
a - Magic Dart            Conj           84%        1d7       1%          1
b - Slow                  Hex            84%        N/A       1%          1
c - Blink                 Tloc           42%        N/A       1%          2
d - Call Imp              Summ           21%        N/A       1%          2
e - Mephitic Cloud        Conj/Pois/Air  21%        N/A       2%          3
f - Apportation           Tloc           42%        N/A       1%          1
g - Searing Ray           Conj           42%        2d6       1%          2
Your spell library was empty.

Dungeon Overview and Level Annotations

Branches:
Dungeon (4/15)            Ossuary (visited)
 Temple: D:4-7

Altars:
Fedhas
Qazlal
Xom

Annotations:
D:3 2 runed translucent doors


Innate Abilities, Weirdness & Mutations

You are immune to sickness and miasma.
You are immune to poison.
Your flesh is very heat resistant. (rF++)
You are vulnerable to cold. (rC-)
You float through the air rather than walking.
You learn spells naturally, not from books.
Your magical power is your life essence.
You have superior vitality. (+4 MHP)


Message History

Press: ? - help, Shift-Dir - straight line, f/p - necrophage
Aim: a necrophage (heavily damaged, chance to affect: 36%)
The necrophage easily resists.
The necrophage closely misses you.
Casting: Slow (safe; 1% risk of failure)
Confirm with . or Enter, or press ? or * to list all spells.
Aiming: Slow (safe; 1% risk of failure)
Press: ? - help, Shift-Dir - straight line, f/p - necrophage
Aim: a necrophage (heavily damaged, chance to affect: 36%)
The necrophage easily resists.
The necrophage hits you.
* * * LOW HITPOINT WARNING * * *
Unknown command.
Casting: Slow (safe; 1% risk of failure)
Confirm with . or Enter, or press ? or * to list all spells.
Aiming: Slow (safe; 1% risk of failure)
Press: ? - help, Shift-Dir - straight line, f/p - necrophage
Aim: a necrophage (heavily damaged, chance to affect: 36%)
The necrophage easily resists.
* * * LOW HITPOINT WARNING * * *
The necrophage hits you.
* * * LOW HITPOINT WARNING * * *
Unknown command.
The necrophage attacks as you move away!
The necrophage misses you.
Found a quarterstaff.
Casting: Slow (safe; 1% risk of failure)
Confirm with . or Enter, or press ? or * to list all spells.
Aiming: Slow (safe; 1% risk of failure)
Press: ? - help, Shift-Dir - straight line, f/p - necrophage
Aim: a necrophage (heavily damaged, chance to affect: 36%)
The necrophage easily resists.
* * * LOW HITPOINT WARNING * * *
The necrophage closely misses you.
Unknown command.
The necrophage attacks as you move away!
The necrophage barely misses you.
A kobold comes into view. It is wielding a +0 club.
The kobold shouts!
The necrophage hits you but does no damage.
The kobold throws a stone.
The stone closely misses you. The necrophage hits you!
You die...

##.
##.#..##...#............
###
##..#......###........
.. ##...#....###
#........ #.##....#..<.#
#........ #.#.....##...#
##.......
#..###...#..### #......#
## ##..#..# #....###
#.....## ##÷### #...@..#
### ##..n...##
#........## #.........#
#..........#
..............#
.......K.........
.........)......#
................#


You could see a necrophage and a kobold.

Vanquished Creatures
  2 hounds (D:4)
  Jessica (D:2)
  An orc wizard (D:3)
  2 gnolls (D:2)
  4 adders
  An adder zombie (Ossuary)
  2 dart slugs
  2 orcs (D:3)
  5 endoplasms
  3 giant cockroaches
  A goblin (D:1)
  4 hobgoblins
  3 jackals (D:2)
  3 quokkas
  3 ball pythons (D:1)
  5 bats
  4 frilled lizards
  2 goblin zombies (Ossuary)
  7 hobgoblin zombies (Ossuary)
  3 kobolds
  8 kobold zombies (Ossuary)
  6 orc zombies (Ossuary)
  A quokka zombie (D:4)
  5 rats
  A rat zombie (D:4)
79 creatures vanquished.

Vanquished Creatures (collateral kills)
  A hound (D:3)
  2 gnolls
3 creatures vanquished.

Grand Total: 82 creatures vanquished

Notes
Turn   | Place    | Note
-------+----------+-------------------------------------------
     0 | D:1      | Amidamage the Djinni Hedge Wizard began the quest for the
                  | Orb.
     0 | D:1      | Amidamage set off with the following spells memorised:
                  | Magic Dart, Slow, Blink, Call Imp, Mephitic Cloud.
     0 | D:1      | Reached XP level 1. HP: 15/15 MP: 0/0
   215 | D:1      | Reached XP level 2. HP: 15/21 MP: 0/0
   636 | D:1      | Reached skill level 3 in Spellcasting
   636 | D:1      | Reached XP level 3. HP: 22/25 MP: 0/0
   636 | D:1      | Learned a level 1 spell: Apportation
   880 | D:2      | Noticed Jessica
   887 | D:2      | Killed Jessica
   888 | D:2      | Reached XP level 4. HP: 18/31 MP: 0/0
  1160 | D:2      | Reached XP level 5. HP: 31/35 MP: 0/0
  1160 | D:2      | Learned a level 2 spell: Searing Ray
  1739 | D:3      | Reached skill level 4 in Spellcasting
  1758 | D:3      | Found a faded altar of an unknown god.
  1798 | D:3      | Found a stormy altar of Qazlal.
  1997 | D:3      | Found a large runed translucent door.
  1997 | D:3      | Found a large runed translucent door.
  1999 | D:3      | Found a shimmering altar of Xom.
  2100 | D:3      | Found a blossoming altar of Fedhas.
  2374 | D:3      | Reached XP level 6. HP: 27/40 MP: 0/0
  2769 | D:3      | Became a worshipper of Qazlal Stormbringer
  2869 | D:4      | Found a sand-covered staircase.
  2884 | Ossuary  | Entered an ossuary
  3098 | Ossuary  | Reached * piety under Qazlal
  3433 | D:4      | Slain by a necrophage

Illustrated notes

Levels and vault maps discovered:
D:1:      dpeg_arrival_three_bigger_balls, layout_basic
D:2:      layout_loops_ring, chequers_serial_rivers_room_a,
          nicolae_concentric_dashed_squares_wild, uniq_jessica
D:3:      due_chaos_kobolds, layout_loops_ring, mainiacjoe_overflow_catwalk,
          mainiacjoe_overflow_brackets, kennysheep_orc_sif_temple,
          hellmonk_ecumenical_altar_lost_god, kennysheep_generic_room_9
D:4:      layout_cave_pods, mainiacjoe_overflow_surrounded_room,
          lemuel_tele_altar, minmay_temple_entry_statues_fountains,
          gammafunk_ghost_abyssal_escape, enter_ossuary_4

Skill      XL: |  1  2  3  4  5 |
---------------+----------------+-----
Spellcasting   | 3 4 |  4.8
Stealth        | 2 |  2.3
Fighting       | |  0.3
Dodging        | |  2.9

Action                     |  1- 3 |  4- 6 || total
---------------------------+-------+-------++-------
  Melee: Dagger            |     1 |       ||     1
         Staff             |       |     1 ||     1
   Cast: Magic Dart        |    61 |   179 ||   240
         Slow              |     3 |    12 ||    15
         Call Imp          |     2 |     4 ||     6
         Searing Ray       |       |     6 ||     6
         Blink             |       |     1 ||     1
 Armour: Robe              |     2 |    12 ||    14
  Dodge: Dodged            |    24 |    23 ||    47
  Block: Other             |       |     1 ||     1

Table legend: (Time is in decaauts)
 A = Elapsed time spent in this place.
 B = Non-inter-level travel time spent in this place.
 C = Inter-level travel time spent in this place.
 D = Time resting spent in this place.
 E = Time spent auto-exploring this place.
 F = Levels seen in this place.
 G = Mean time per level.
                   A        B        C        D        E       F      G
               +--------+--------+--------+--------+--------+-----+--------+
         Total |   3430 |   3384 |     46 |    123 |   2487 |   5 |  686.0 |
       Dungeon |   3144 |   3098 |     46 |     65 |   2487 |   4 |  786.0 |
       Ossuary |    286 |    286 |      0 |     58 |      0 |   1 |  286.0 |
               +--------+--------+--------+--------+--------+-----+--------+

Top non-repeatable levels by time:
     D:3: 1107 daAuts
     D:1: 880 daAuts
     D:2: 838 daAuts
     D:4: 318 daAuts
 Ossuary: 286 daAuts
